 Dungeon Crawl Stone Soup version 0.29.1-2-gbd0b4ee654 (webtiles) character file.

Game seed: 4895437521152120204

2379 GorkyZ the Cleaver (level 9, 0/54 HPs)
             Began as a Gargoyle Fighter on Nov 30, 2022.
             Was an Initiate of Gozag.
             Killed from afar by a lava snake (12 damage)
             ... with a glob of lava
             ... on level 7 of the Dungeon.
             The game lasted 00:20:32 (5828 turns).

GorkyZ the Cleaver (Gargoyle Fighter)               Turns: 5828, Time: 00:20:33

Health: 0/54       AC: 19    Str: 29    XL:     9   Next: 45%
Magic:  9/9        EV:  9    Int:  8    God:    Gozag
Gold:   604        SH:  5    Dex: 11    Spells: 8/8 levels left

rFire   . . .      SeeInvis .   a - +1 war axe (vorpal)
rCold   + . .      Faith    .   c - +0 buckler
rNeg    + . .      Spirit   .   n - +0 chain mail
rPois   ∞          Reflect  .   w - +0 helmet
rElec   +          Harm     .   i - +0 cloak
rCorr   .          Rampage  .   (no gloves)
Will    .....                   g - +0 pair of boots
Stlth   ..........              (no amulet)
HPRegen 0.18/turn               y - +6 ring of strength
MPRegen 0.11/turn               q - ring of protection from cold

@: gold aura
A: sickness immunity, AC +6, negative energy resistance 1, electricity
resistance, torment resistance 1, petrification resistance
a: Renounce Religion, Potion Petition, Call Merchant, Bribe Branch


You were on level 7 of the Dungeon.
You worshipped Gozag.
Gozag was pleased with you.
You visited 2 branches of the dungeon, and saw 8 of its levels.

You collected 645 gold pieces.
You paid 41 gold pieces to Gozag.

Inventory:

Hand Weapons
 a - a +1 vorpal war axe (weapon)
Missiles
 k - 3 datura-tipped darts (quivered)
 o - 17 poisoned darts
 p - 3 boomerangs
 J - 2 throwing nets
Armour
 b - a +0 scale mail
 c - a +0 buckler (worn)
 g - a +0 pair of boots (worn)
 i - a +0 cloak (worn)
 n - a +0 chain mail (worn)
 w - a +0 helmet (worn)
 z - a +0 plate armour
Jewellery
 q - a ring of protection from cold (right hand)
 s - a ring of protection from fire
 y - a +6 ring of strength (left hand)
 D - a ring of fire
Wands
 B - a wand of paralysis (10)
 H - a wand of flame (24)
Scrolls
 j - a scroll of poison
 l - 5 scrolls of fear
 m - a scroll of enchant armour {unknown}
 r - a scroll of magic mapping {unknown}
 t - 4 scrolls of teleportation
 x - a scroll of blinking {unknown}
 A - 2 scrolls of fog
 C - a scroll of amnesia {unknown}
 I - a scroll of identify
Potions
 d - 5 potions of might
 e - a potion of degeneration
 f - a potion of invisibility
 h - 3 potions of curing
 u - a potion of berserk rage
 v - 2 potions of cancellation {unknown}
 E - a potion of lignification {unknown}
 F - 2 potions of brilliance {unknown}
 G - a potion of mutation {unknown}


   Skills:
 + Level 5.0 Fighting
 + Level 11.7 Axes
 + Level 3.0 Throwing
 + Level 5.1 Armour
 + Level 2.7 Dodging
 + Level 5.2 Shields
 + Level 2.8 Evocations


You had 8 spell levels left.
You didn't know any spells.
Your spell library contained the following spells:

 Spells                   Type           Power      Damage    Failure   Level
 Frozen Ramparts          Ice            0%         1d1       100%        3
 Ice Form                 Ice/Tmut       0%         N/A       100%        4
 Summon Ice Beast         Ice/Summ       0%         N/A       100%        4


Dungeon Overview and Level Annotations

Branches:
Dungeon (7/15)             Temple (1/1) D:4

Altars:
Ashenzari
Dithmenos
Fedhas
Gozag
Hepliaklqana
Makhleb
Okawaru
Qazlal
Ru
Sif Muna
Trog
Uskayaw
Vehumet
Wu Jian
Xom
Yredelemnul
Zin
The Shining One

Shops:
D:1 *   D:5 (

Annotations:
D:6 3 runed translucent doors, Quickbrownfox's ghost, novice DsIE


Innate Abilities, Weirdness & Mutations

You are immune to sickness and miasma.
Your stone body is resilient. (AC +6)
You are immune to poison.
You resist negative energy. (rN+)
You are resistant to electric shocks. (rElec)
You are resistant to unholy torment.
You are immune to petrification.


Message History

The orc priest hits you but does no damage.
You completely miss the orc priest.
The orc priest mumbles some strange prayers to Beogh against you.
Pain shoots through your body!
You hit the orc priest.
The orc priest is lightly wounded.
The orc priest hits you but does no damage.
You barely miss the orc priest.
The orc priest is lightly wounded.
The orc priest hits you with a +0 dagger.
You slice the orc priest!!
You kill the orc priest!
You slash the steam dragon!
The steam dragon is heavily wounded.
The steam dragon closely misses you.
The steam dragon claws you but does no damage.
You slash the steam dragon!
You kill the steam dragon!
The lava snake is distracted by your dazzling golden aura.
Things that are here:
28 gold pieces; a +0 dagger
Things that are here:
28 gold pieces; a +0 dagger The lava snake is no longer distracted by gold.
The lava snake spits lava at you. The glob of lava hits you!
There is an open door here.
You closely miss the lava snake. The lava snake barely misses you.
You barely miss the lava snake. You block the lava snake's attack.
You slash the lava snake!
The lava snake is severely wounded.
The lava snake spits lava at you. The glob of lava hits you!
* * * LOW HITPOINT WARNING * * *
Things that are here:
28 gold pieces; a +0 dagger The lava snake spits lava at you.
The glob of lava hits you!
You die...
Your body crumbles into a pile of gold.

###############
####..........@$.#
#....###########§#
##.####
#§≈§≈§§.S≈§§§≈#
#..#
#§§...§§..§..§#
#.##
#§§.§§.#....§§#
##.# #≈.....
....§≈# #..#
#≈..#.. ..#..≈#
#.## #≈..#..
..#..≈# #.# #≈.
### ### .≈#


You could see a lava snake (catching breath).

Vanquished Creatures
  A steam dragon (D:7)
  A water moccasin (D:7)
  2 black bears
  An ice beast (D:5)
  An ogre (D:7)
  A centaur (D:7)
  A phantom (D:5)
  A kobold brigand (D:7)
  A gnoll sergeant (D:7)
  2 bullfrogs
  2 scorpions
  The ghost of Henri the Sneak, a weakling VSEn (D:3)
  2 jellies (D:5)
  2 orc priests (D:7)
  An orc wizard (D:6)
  An iguana (D:4)
  Ijyb (D:3)
  5 gnolls (D:7)
  10 adders
  An ufetubus (D:5)
  2 worms
  10 orcs
  14 ball pythons
  4 bats
  9 endoplasms
  3 giant cockroaches
  6 goblins
  5 hobgoblins
  3 jackals (D:2)
  3 quokkas
  2 frilled lizards
  12 kobolds
  7 rats
118 creatures vanquished.

Vanquished Creatures (others)
  6 toadstools (D:7)
6 creatures vanquished.

Grand Total: 124 creatures vanquished

Notes
Turn   | Place    | Note
-------+----------+-------------------------------------------
     0 | D:1      | GorkyZ the Gargoyle Fighter began the quest for the Orb.
     0 | D:1      | Reached XP level 1. HP: 14/14 MP: 1/1
   357 | D:1      | Reached XP level 2. HP: 18/19 MP: 2/2
   495 | D:1      | Found Hukluxamp's Assorted Antiques.
   549 | D:1      | Reached skill level 2 in Axes
   845 | D:2      | You fall into a shaft and drop 1 floor!
   953 | D:3      | Noticed Ijyb
   958 | D:3      | Paralysed by Ijyb for 5 turns
  1007 | D:3      | Reached XP level 3. HP: 21/23 MP: 3/3
  1016 | D:3      | Killed Ijyb
  1141 | D:3      | Reached XP level 4. HP: 21/28 MP: 4/4
  1166 | D:2      | Reached skill level 1 in Evocations
  1172 | D:2      | Reached skill level 1 in Dodging
  1399 | D:2      | Found a faded altar of an unknown god.
  1409 | D:2      | Reached skill level 1 in Throwing
  1960 | D:2      | Reached XP level 5. HP: 33/33 MP: 5/5
  2031 | D:3      | Found a runed translucent gate.
  2031 | D:3      | Found a runed translucent gate.
  2031 | D:3      | Found a runed translucent gate.
  2036 | D:3      | Noticed Henri's ghost (weakling VSEn)
  2038 | D:3      | Noticed a black bear
  2128 | D:3      | Found a faded altar of an unknown god.
  2179 | D:3      | Found a blossoming altar of Fedhas.
  2574 | D:4      | Found a staircase to the Ecumenical Temple.
  2583 | Temple   | Entered the Ecumenical Temple
  2591 | Temple   | Became a worshipper of Gozag Ym Sagoz the Greedy
  2613 | D:4      | Reached XP level 6. HP: 34/38 MP: 6/6
  2870 | D:4      | Found an iron altar of Okawaru.
  2894 | D:4      | Found a glowing golden altar of the Shining One.
  3559 | D:3      | Killed a black bear
  3563 | D:3      | Killed Henri's ghost
  3671 | D:5      | Entered Level 5 of the Dungeon
  3823 | D:5      | Noticed an ice beast
  3824 | D:5      | Found Akkybita's Weapon Shop.
  3834 | D:5      | Killed an ice beast
  3835 | D:5      | Reached skill level 3 in Axes
  3835 | D:5      | Reached XP level 7. HP: 44/44 MP: 7/7
  4479 | D:5      | Found a sacrificial altar of Ru.
  5048 | D:6      | Identified the +1 leather armour of Fallacy {MP+9 Int+2
                  | Dex+3}
  5202 | D:6      | Reached skill level 11 in Axes
  5202 | D:6      | Reached XP level 8. HP: 48/48 MP: 8/8
  5231 | D:6      | Reached XP level 9. HP: 52/52 MP: 9/9
  5267 | D:6      | Found a runed translucent gate.
  5268 | D:6      | Found a runed translucent gate.
  5269 | D:6      | Found a runed translucent gate.
  5269 | D:6      | Noticed Quickbrownfox's ghost (novice DsIE)
  5549 | D:7      | Reached skill level 5 in Armour
  5554 | D:7      | Reached skill level 5 in Shields
  5713 | D:7      | Reached skill level 5 in Fighting
  5828 | D:7      | Killed from afar by a lava snake

Illustrated notes

Levels and vault maps discovered:
D:1:      beargit_arrival_greenhouse, layout_loops_ring, serial_shops, shop,
          minmay_heptomino_h4
D:2:      layout_basic, nicolae_ecumenical_oubliette
D:3:      cheibrodos_helix_gallery, layout_rooms,
          nicolae_overflow_ecumenical_swirl, gammafunk_ghost_split, uniq_ijyb
D:4:      layout_layer_cave, nicolae_overflow_crystal_walls,
          okawaru_ov_weapons_minmay, minmay_temple_entry_slanted
D:5:      layout_loops_cross, general_overflow_altar, serial_shops,
          nicolae_shop_bloodbath_and_beyond,
          nicolae_concentric_dashed_squares_mild, abandoned_shop, minivault_4,
          small_statue_alley_b, dk_noncrumbling_4, fountainhead
D:6:      layout_basic, gammafunk_ghost_nasty_kobolds
D:7:      cheibrodos_fertilizer, layout_rooms, kennysheep_generic_room_16
Temple:   dpeg_three_leaves_temple

Skill      XL: |  1  2  3  4  5  6  7  8  9 |
---------------+----------------------------+-----
Axes           | 2 3 11 | 11.7
Evocations     | 1 2 |  2.8
Dodging        | 1 2 |  2.7
Throwing       | 1 2 3 |  3.0
Armour         | 4 5 |  5.1
Shields        | 4 5 |  5.2
Fighting       | 4 5 |  5.0

Action                   |  1- 3 |  4- 6 |  7- 9 || total
-------------------------+-------+-------+-------++-------
Melee: War axe           |    85 |   172 |   103 ||   360
  Use: Scroll            |       |    10 |     3 ||    13
       Potion            |       |       |     1 ||     1
Armor: Scale mail        |    52 |    13 |       ||    65
       Chain mail        |       |   140 |    81 ||   221
Dodge: Dodged            |    45 |    77 |    39 ||   161
Block: Buckler           |    16 |    52 |    23 ||    91
